 Dungeon Crawl Stone Soup version 0.29.1-15-g9cfb28693d (webtiles) character file.

Game seed: 7228267197459881729

51 croobank the Firebug (level 3, 0/28 HPs)
             Began as a Demigod Fire Elementalist on Apr 17, 2023.
             Slain by a gnoll
             ... wielding a +0 flail
              (11 damage)
             ... on level 2 of the Dungeon.
             The game lasted 00:04:22 (1543 turns).

croobank the Firebug (Demigod Fire Elementalist)    Turns: 1543, Time: 00:04:23

Health: 0/28       AC:  2    Str:  9    XL:     3   Next: 38%
Magic:  1/8        EV: 12    Int: 27    God:
Gold:   54         SH:  0    Dex: 14    Spells: 3/6 levels left

rFire   . . .      SeeInvis +   q - staff of conjuration
rCold   . . .      Faith    .   (no shield)
rNeg    . . .      Spirit   .   a - +0 robe
rPois   .          Reflect  .   (no helmet)
rElec   .          Harm     .   (no cloak)
rCorr   .          Rampage  .   (no gloves)
Will    .....                   (no boots)
Stlth   ++........              g - amulet of regeneration
HPRegen 0.89/turn               j - +6 ring of intelligence
MPRegen 0.11/turn               f - ring of see invisible

@: no status effects
A: high MP 1, forlorn, divine attributes
a: no special abilities


You were on level 2 of the Dungeon.
You visited 1 branch of the dungeon, and saw 2 of its levels.

You collected 54 gold pieces.

Inventory:

Hand Weapons
 k - a +2 dagger of freezing
Missiles
 h - 4 boomerangs
Armour
 a - a +0 robe (worn)
 e - a +0 ring mail
 i - a +0 leather armour
Magical Staves
 q - a staff of conjuration (weapon)
Jewellery
 f - a ring of see invisible (right hand)
 g - an amulet of regeneration (around neck)
 j - a +6 ring of intelligence (left hand)
 o - a ring of protection from cold
Scrolls
 c - a scroll of amnesia
 l - a scroll of torment
 m - a scroll of teleportation
 r - a scroll of butterflies
Potions
 b - a potion of magic
 d - a potion of ambrosia {unknown}
 n - 3 potions of heal wounds


   Skills:
 + Level 1.0 Fighting
 + Level 2.1 Dodging
 + Level 2.1 Stealth
 + Level 2.1 Spellcasting
 + Level 1.4 Conjurations
 + Level 3.0 Fire Magic


You had 3 spell levels left.
You knew the following spells:

 Your Spells              Type           Power      Damage    Failure   Level
a - Foxfire               Conj/Fire      88%        2x1d8     3%          1
b - Scorch                Fire           38%        2d6       4%          2

Your spell library contained the following spells:

 Spells                   Type           Power      Damage    Failure   Level
 Conjure Flame            Conj/Fire      22%        6-21      12%         3
 Inner Flame              Hex/Fire       11%        N/A       16%         3
 Flame Wave               Conj/Fire      22%        2d8       36%         4


Dungeon Overview and Level Annotations

Branches:
Dungeon (2/15)

Shops:
D:1 ([(*


Innate Abilities, Weirdness & Mutations

You have an increased reservoir of magic. (+10% MP)
You shall have no god before yourself.
Your divine heritage dramatically boosts your attributes as you level up.


Message History

You miscast Scorch.
You are very lightly contaminated with residual magic.
Nothing appears to happen.
The gnoll completely misses you.
Casting: Scorch (safe; 4% risk of failure)
Confirm with . or Enter, or press ? or * to list all spells.
You don't have enough magic to cast this spell.
Casting: Scorch (safe; 4% risk of failure)
Confirm with . or Enter, or press ? or * to list all spells.
You feel a surge of power!
You conjure some foxfire!
The gnoll hits you with a +0 spear.
The foxfire hits the gnoll.
The gnoll is severely wounded.
The foxfire hits the gnoll.
You kill the gnoll!
You start resting.
HP restored.
You start resting.
Your magical contamination has completely faded away.
You start resting.
A gnoll comes into view. It is wielding a +0 flail.
The gnoll attacks as you move away! The gnoll barely misses you.
Casting: Foxfire (safe; 3% risk of failure)
Confirm with . or Enter, or press ? or * to list all spells.
You feel a surge of power!
You conjure some foxfire!
The gnoll hits you with a +0 flail.
You hit the gnoll.
The gnoll is moderately wounded.
The foxfire hits the gnoll.
The gnoll is heavily wounded.
The foxfire hits the gnoll.
The gnoll is severely wounded.
The gnoll hits you with a +0 flail!
Ouch! That really hurt!
You closely miss the gnoll.
The gnoll is severely wounded.
The gnoll closely misses you. x2
You barely miss the gnoll.
The gnoll is severely wounded.
The gnoll hits you with a +0 flail!
You die...

####......).###.#...#.###....+
. #.##.#.#.#)..........#.#..#
. ....#.#...###.#...#.###....#
#######.#.#.....##.##........#
##......# ##.#.........#.#####
...###### #.....#.#.....######
######### ##..#.#(#.#........#
........# #....###..........#
#.#####.#
###...@.............# ....<.#
#.+...g.#..###+###### #####.#
#.#........# #.# #.#....###.#
#.# #.#†...# # #.#
#.#....###.# #.# #.)........#
#.# #.########## #.# #........


You could see a gnoll.

Vanquished Creatures
  A gnoll (D:2)
  An adder (D:2)
  A dart slug (D:2)
  4 ball pythons
  2 endoplasms (D:1)
  2 giant cockroaches (D:2)
  4 goblins (D:1)
  A hobgoblin (D:1)
  2 jackals (D:2)
  3 kobolds
  3 bats
  5 frilled lizards
29 creatures vanquished.

Vanquished Creatures (others)
  68 foxfires
  7 toadstools (D:1)
75 creatures vanquished.

Grand Total: 104 creatures vanquished

Notes
Turn   | Place    | Note
-------+----------+-------------------------------------------
     0 | D:1      | croobank the Demigod Fire Elementalist began the quest for
                  | the Orb.
     0 | D:1      | Reached XP level 1. HP: 14/14 MP: 5/5
    22 | D:1      | Found Sifaik's Weapon Shop.
   136 | D:1      | Found Nanug's General Store.
   220 | D:1      | Reached skill level 1 in Conjurations
   318 | D:1      | Found Defeufea's Antique Armour Shop.
   508 | D:1      | Found Enefen's Weapon Boutique.
   513 | D:1      | Reached XP level 2. HP: 22/22 MP: 4/7
   544 | D:1      | Learned a level 2 spell: Scorch
  1310 | D:2      | Reached XP level 3. HP: 27/27 MP: 2/8
  1450 | D:2      | Reached skill level 1 in Fighting
  1450 | D:2      | Reached skill level 3 in Fire Magic
  1543 | D:2      | Slain by a gnoll

Illustrated notes

Levels and vault maps discovered:
D:1:      nagdon_arrival_double_spiral, layout_loops_corners, serial_shops,
          shop, nicolae_shop_bloodbath_and_beyond, nicolae_diamond_shop, shop
D:2:      layout_basic, serial_shops, shop, serial_bayou_pond_e,
          hangedman_decor_slide_cut, minmay_fractal_squares_5

Skill      XL: |  1  2  3 |
---------------+----------+-----
Conjurations   | 1 |  1.4
Spellcasting   | 2 |  2.1
Dodging        | 2 |  2.1
Stealth        | 2 |  2.1
Fighting       | 1 |  1.0
Fire Magic     | 3 |  3.0

Action                   || total
-------------------------++-------
Melee: Unarmed           ||     3
       Dagger            ||    15
       Staff             ||     6
 Cast: Foxfire           ||    38
       Scorch            ||     9
  Use: Scroll            ||     6
Armor: Robe              ||     1
Dodge: Dodged            ||    21
